 Seeded DCSS version 0.30.1-11-g7821555f0a (webtiles) character file.

Game seed: 6351066067085065685 (custom seed)

352386 Esekla the Archmage (level 21, -2/126 (131) HPs)
             Began as a Deep Elf Wanderer on Nov 13, 2023.
             Was a Follower of Vehumet.
             Killed from afar by a halazid warlock (23 damage)
             ... with a ghostly fireball
             ... in the Desolation of Salt on Nov 15, 2023.
             The game lasted 07:00:34 (41432 turns).

Esekla the Archmage (Deep Elf Wanderer)            Turns: 41432, Time: 07:00:35

HP:   -2/126 (131)  AC: 32    Str:  9    XL:     21   Next: 31%
MP:   5/54          EV: 14    Int: 36    God:    Vehumet [*.....]
Gold: 2778          SH:  4    Dex: 11    Spells: 4/74 levels left

rFire   + . .        a - +9 long sword (protect)
rCold   . . .        v - +0 buckler
rNeg    + . .        U - +1 ring mail "Uronn" {rF+ Regen+ Int+3}
rPois   +            X - +2 helmet {Int+3}
rElec   +            b - +2 cloak {Stlth+}
rCorr   .            k - +0 pair of gloves
SInv    .            D - +2 pair of boots {rampage}
Will    ++...        z - amulet of magic regeneration
Stlth   +++          J - ring of Greed {rElec rPois rN+ AC+4 Str-2}
HPRegen 1.21/turn    p - ring of the Mage {Wiz Archmagi}
MPRegen 0.74/turn

%: rampage, wizardry (x1), archmagi
@: ice-armoured, wereblooded, very slightly contaminated, hasted, lightly
drained, very quick
A: no striking features
}: 2/15 runes: barnacled, gossamer
a: Renounce Religion


You were in the Desolation of Salt.
You worshipped Vehumet.
Vehumet was aware of your devotion.
You visited 8 branches of the dungeon, and saw 37 of its levels.
You visited 1 bazaar.
You also visited: Trove, Bailey and Desolation.

You collected 7232 gold pieces.
You spent 4454 gold pieces at shops.

Inventory:

Hand Weapons
 a - a +9 long sword of protection (weapon)
 e - a +2 demon blade of electrocution
 f - a +4 scimitar of flaming
 r - a +4 trident of venom
 s - the +8 Vampire's Tooth {megavamp}
   (You bought it in a shop in a bazaar)
 x - a +7 vampiric double sword
Missiles
 I - 80 poisoned darts
 L - 6 curare-tipped darts
 N - 25 boomerangs (quivered)
 Z - 9 silver javelins
Armour
 b - a +2 cloak of stealth (worn)
 k - a +0 pair of gloves (worn)
 v - a +0 buckler (worn)
 D - a +2 pair of boots of rampaging (worn)
 U - the +1 ring mail "Uronn" (worn) {rF+ Regen+ Int+3}
   (You found it on level 4 of the Shoals)

   Int:       It affects your intelligence (+3).
   rF:        It protects you from fire.
   Regen:     It increases your rate of health regeneration.
 X - a +2 helmet of intelligence (worn)
Jewellery
 c - the ring "Pileq" {Ice Str+4 Dex+3 Slay+2}
   (You found it on level 4 of the Shoals)

   [ring of ice]

   It enhances your ice magic.
   Str:       It affects your strength (+4).
   Dex:       It affects your dexterity (+3).
   Slay:      It affects your accuracy & damage with ranged weapons and melee
   (+2).
   rF:        It makes you vulnerable to fire.
   rC:        It protects you from cold.
 d - a +6 ring of intelligence
 h - the ring of Akemeir {Fire Str+4}
   (You found it in a treasure trove)

   [ring of fire]

   It enhances your fire magic.
   Str:       It affects your strength (+4).
   rF:        It protects you from fire.
   rC:        It makes you vulnerable to cold.
 p - the ring of the Mage (right hand) {Wiz Archmagi}
   (You bought it in a shop on level 2 of the Dungeon)

   [ring of wizardry]

   It improves your spell success rate.
   Archmagi:  It increases the power of your magical spells.
 z - an amulet of magic regeneration (around neck)
 J - the ring of Greed (left hand) {rElec rPois rN+ AC+4 Str-2}
   (You bought it in a shop on level 2 of the Dungeon)

   [ring of protection]

   AC:        It affects your AC (+4).
   Str:       It affects your strength (-2).
   rElec:     It insulates you from electricity.
   rPois:     It protects you from poison.
   rN:        It protects you from negative energy.
 M - a ring of see invisible
Wands
 A - a wand of flame (66)
 F - a wand of quicksilver (35)
 H - a wand of mindburst (2)
 K - a wand of roots (26)
 W - a wand of digging (14)
Scrolls
 u - 5 scrolls of fog
 w - 3 scrolls of blinking
 y - 3 scrolls of magic mapping
 B - 4 scrolls of fear
 E - 13 scrolls of teleportation
 G - 5 scrolls of poison
 P - 3 scrolls of silence
Potions
 g - 5 potions of ambrosia
 i - 8 potions of curing
 j - 9 potions of haste
 l - 6 potions of flight
 n - 3 potions of might
 t - 6 potions of brilliance
 C - a potion of invisibility
 O - 3 potions of resistance
 R - 4 potions of cancellation
 T - 11 potions of attraction
 V - 4 potions of magic


   Skills:
 * Level 13.6 Fighting
 + Level 5.5(6.5) Short Blades
 + Level 4.7(5.8) Long Blades
 + Level 3.2 Throwing
 - Level 7.4 Armour
 * Level 15.7 Dodging
 + Level 4.6 Stealth
 - Level 3.1 Shields
 O Level 27 Spellcasting
 + Level 9.0 Conjurations
 + Level 13.9 Necromancy
 + Level 6.4 Translocations
 + Level 8.3 Transmutations
 + Level 8.9 Fire Magic
 + Level 6.3 Ice Magic
 * Level 12.8 Air Magic
 + Level 6.8 Earth Magic
 - Level 10.4 Poison Magic
 + Level 1.0 Invocations
 + Level 1.6 Evocations


You had 4 spell levels left.
You knew the following spells:

 Your Spells              Type           Power      Damage    Failure   Level
a - Ozocubu's Armour      Ice            96%        N/A       1%          3
b - Blink                 Tloc           100%       N/A       1%          2
c - Mephitic Cloud        Conj/Pois/Air  100%       N/A       1%          3
d - Vampiric Draining     Necr           100%       2d13      0%          3
f - Fireball              Conj/Fire      53%        3d21      1%          5
i - Irradiate             Conj/Tmut      52%        3d29      1%          5
k - Airstrike             Air            59%        2d(9-25)  1%          4
l - Lee's Rapid Deconstr  Erth           49%        3d23*     1%          5
m - Maxwell's Capacitive  Air            59%        ∞         19%         8
n - Ignite Poison         Fire/Tmut/Pois 100%       N/A       1%          3
p - Apportation           Tloc           100%       N/A       1%          1
r - Frozen Ramparts       Ice            100%       1d16      1%          3
s - Iskenderun's Mystic   Conj/Tloc      100%       2d19      1%          4
u - Dispel Undead         Necr           100%       3d31      1%          4
v - Poisonous Vapours     Pois/Air       100%       N/A       0%          2
w - Wereblood             Tmut           100%       N/A       1%          2
x - Olgreb's Toxic Radia  Pois           100%       N/A       1%          4
y - Sticky Flame          Conj/Fire      100%       2d11      1%          4
z - Freezing Cloud        Conj/Ice/Air   54%        6-21      1%          5

Your spell library contained the following spells:

 Spells                   Type           Power      Damage    Failure   Level
 Chain Lightning          Conj/Air       56%        3d75      99%         9
 Fire Storm               Conj/Fire      53%        8d13      100%        9
 Polar Vortex             Ice            48%        N/A       100%        9
 Kiss of Death            Conj/Necr      100%       2d13      0%          1
 Necrotise                Necr           100%       1d9       0%          1
 Shock                    Conj/Air       100%       1d9       0%          1
 Cigotuvi's Dreadful Rot  Necr/Pois/Air  100%       N/A       0%          2
 Sublimation of Blood     Necr           100%       N/A       0%          2
 Swiftness                Air            100%       N/A       0%          3
 Foxfire                  Conj/Fire      100%       2x1d9     1%          1
 Magic Dart               Conj           100%       1d8       1%          1
 Sandblast                Erth           100%       2d20      1%          1
 Sting                    Tmut/Pois      100%       1d8       1%          1
 Summon Small Mammal      Summ           100%       N/A       1%          1
 Call Imp                 Summ           100%       N/A       1%          2
 Lesser Beckoning         Tloc           100%       N/A       1%          2
 Passwall                 Tmut/Erth      84%        N/A       1%          2
 Gell's Gravitas          Tloc           97%        N/A       1%          3
 Hailstorm                Conj/Ice       100%       3d20      1%          3
 Inner Flame              Hex/Fire       88%        N/A       1%          3
 Portal Projectile        Hex/Tloc       100%       N/A       1%          3
 Spider Form              Tmut/Pois      100%       N/A       1%          3
 Stone Arrow              Conj/Erth      100%       3d13      1%          3
 Teleport Other           Tloc           97%        N/A       1%          3
 Tukima's Dance           Hex            64%        N/A       1%          3
 Vhi's Electric Charge    Tloc/Air       100%       N/A       1%          3
 Anguish                  Hex/Necr       49%        N/A       1%          4
 Animate Armour           Summ/Erth      100%       N/A       1%          4
 Ice Form                 Ice/Tmut       100%       N/A       1%          4
 Manifold Assault         Tloc           97%        N/A       1%          4
 Passage of Golubria      Tloc           97%        N/A       1%          4
 Summon Ice Beast         Ice/Summ       82%        N/A       1%          4
 Summon Lightning Spire   Summ/Air       97%        N/A       1%          4
 Cause Fear               Hex            32%        N/A       6%          4
 Agony                    Necr           100%       N/A       1%          5
 Arcjolt                  Conj/Air       56%        1d66      1%          5
 Silence                  Hex/Air        48%        N/A       1%          5
 Death Channel            Necr           61%        N/A       1%          6
 Plasma Beam              Fire/Air       56%        2x1d78    1%          6
 Yara's Violent Unravell  Hex/Tmut       43%        3d17      2%          5
 Starburst                Conj/Fire      53%        6d14      2%          6
 Dispersal                Tloc           48%        N/A       6%          6
 Orb of Destruction       Conj           53%        9d13      12%         7
 Summon Mana Viper        Hex/Summ       64%        N/A       16%         5
 Dragon Form              Tmut           52%        N/A       16%         7
 Ozocubu's Refrigeration  Ice            48%        4d18      32%         7
 Spellforged Servitor     Conj/Summ      44%        N/A       56%         7
 Ignition                 Fire           53%        3d15      65%         8
 Lehudib's Crystal Spear  Conj/Erth      51%        10d12     78%         8
 Disjunction              Tloc           48%        N/A       92%         8
 Enfeeble                 Hex            32%        N/A       99%         7
 Summon Hydra             Summ           32%        N/A       99%         7
 Dragon's Call            Summ           32%        N/A       100%        9


Dungeon Overview and Level Annotations

Branches:
Dungeon (13/15)            Temple (0/1) D:6            Lair (5/5) D:11
 Shoals (4/4) Lair:2       Spider (4/4) Lair:3        Slime (0/5) Lair:5
    Orc (2/2) D:10            Elf (2/3) Orc:2        Vaults (4/5) D:13
  Crypt (3/3) Vaults:2       Tomb (0/3) Crypt:3      Bailey (visited)
Desolation (1/1)

Altars:
Dithmenos
Fedhas
Hepliaklqana
Nemelex Xobeh
Okawaru
Qazlal
Ru
Trog
Uskayaw
Vehumet
Zin
The Shining One
Jiyva

Shops:
D:2 =   D:4 (   D:11 *   Orc:2 **[:   Elf:2 ?:?   Shoals:2 (   Shoals:3 !
Vaults:1 [   Vaults:4 ?

Portals:
Pandemonium: Orc:2

Annotations:
D:9 Harold
Vaults:4 36 runed doors
Crypt:2 3 runed translucent doors, Hynnuzim's ghost, veteran CeHu; Ulecsuczon's ghost, veteran MiGl; Wesoq's ghost, veteran MiGl


Message History

The guardian serpent is severely wounded.
The guardian serpent is knocked back by the mystic blast.
The guardian serpent collides with the molten gargoyle!
The molten gargoyle is almost destroyed.
The guardian serpent is almost dead.
The mystic blast hits the saltling but does no damage.
The saltling is severely damaged.
The mystic blast hits the servant of whispers!!
The servant of whispers is severely wounded.
The servant of whispers is knocked back by the mystic blast.
The mystic blast hits the saltling!
The saltling is moderately damaged.
The saltling is knocked back by the mystic blast.
The mystic blast hits the saltling!
The saltling is almost destroyed.
The saltling is knocked back by the mystic blast.
The mystic blast hits the saltling.
The saltling is lightly damaged.
The saltling is knocked back by the mystic blast.
The saltling collides with the saltling!
The saltling is heavily damaged.
You kill the ragged hierophant!
Vehumet accepts your kill.
You feel your power returning.
You hear a shout!
The guardian serpent casts a spell at you.
The bolt of poison misses the saltling.
The bolt of poison hits you.
You are poisoned.
You resist.
* * * LOW HITPOINT WARNING * * *
The saltling hits you but does no damage.
You feel better.
You hear a roar!
The ragged hierophant shouts!
The halazid warlock gestures at the guardian serpent while chanting.
The guardian serpent's animating energy erupts into ghostly fire!
The ghostly flame explodes!
The ghostly fireball engulfs the saltling.
The saltling completely resists.
The ghostly fireball engulfs you!! You partially resist.
You feel drained.
You die...

.. 9......... .. §..
######9........ .. §...
.[:)....#...a... .......
#.......#..9.... .......#
#:.............
........###)...#.9p○.#...
....99....#..).#.S☼§9.L..
....... .#9.9..##99......
....... #a.9a.9.@#......#
§§......#).#)..9.#.......
§§......#...#######......
§§§.§§.§.........##......
§§§§§§§§...9........
§§§§§.§....9§.9.9.9.
#§§§§..§....S.Sa...§
§§§§§.............§§
§§§§...............§


You could see 2 ragged hierophants, a servant of whispers, a halazid warlock, an
ironbound convoker, a peacekeeper, a guardian serpent, a molten gargoyle and 8
saltlings.

Vanquished Creatures
  A dread lich (Crypt:3)
  Mara (Spider:4)
  An ancient lich (Crypt:3)
  Mennas (Vaults:3)
  A curse toe (Crypt:3)
  A bone dragon (Crypt:3)
  Rupert (Lair:4)
  2 liches (Crypt:3)
  5 sphinxes
  6 ancient champions
  A kraken (Shoals:4)
  Ilsuiw (Shoals:3)
  9 emperor scorpions
  An imperial myrmidon (Desolation)
  2 ghouls
  3 curse skulls
  A deep elf sorcerer (Elf:1)
  4 ghost moths
  12 vault wardens
  2 orc warlords
  13 ironbound thunderhulks
  9 ironbound preservers
  11 very ugly things
  2 reapers
  4 war gargoyles (Vaults:2)
  A broodmother (Spider:3)
  7 vampire knights
  A deep elf demonologist (Elf:1)
  Azrael (Orc:2)
  7 dire elephants
  2 deep elf annihilators (Elf:1)
  A halazid warlock (Desolation)
  A minotaur (Shoals:4)
  5 eidola
  2 spark wasps
  2 crystal guardians
  5 entropy weavers
  3 deep elf death magi
  4 merfolk impalers
  4 fire dragons
  7 great orbs of eyes
  7 yaktaur captains
  3 merfolk javelineers (Shoals:3)
  3 jiangshi (Crypt:3)
  2 deep elf high priests
  4 peacekeepers
  3 ragged hierophants (Desolation)
  A servant of whispers (Desolation)
  10 vault guards
  15 ironbound frosthearts
  A demonspawn (Orc:2)
  4 merfolk aquamancers
  3 hydras
  2 death knights (Crypt:1)
  3 radroaches
  15 satyrs
  4 centaur warriors
  A catoblepas (Lair:5)
  3 jorogumos
  An alligator snapping turtle (Shoals:3)
  5 dancing weapons
  4 merfolk avatars
  4 boulder beetles
  4 two-headed ogres
  4 vampire magi
  A titan zombie (Crypt:2)
  3 orc high priests (Orc:2)
  A soul eater (Crypt:1)
  2 pharaoh ants
  A shadow wraith (Crypt:2)
  3 deep elf knights (Elf:2)
  16 skeletal warriors
  A sun moth (Spider:1)
  Lodul (D:11)
  2 flayed ghosts
  12 sea snakes
  4 skysharks
  10 orb spiders
  3 deep elf archers
  2 glowing orange brains
  2 golden dragon skeletons
  4 bog bodies
  Pikel (D:6)
  An iron giant skeleton (Crypt:3)
  A swamp dragon (Lair:5)
  26 deep trolls
  An anaconda skeleton (Crypt:2)
  19 ironbound convokers
  3 steelbarb worms
  6 lindwurms
  A bunyip skeleton (Crypt:2)
  27 harpies
  8 phantasmal warriors
  A tengu zombie (Vaults:4)
  An oklob plant (Lair:5)
  8 wizards
  8 necromancers
  A wolf spider zombie (Crypt:1)
  14 deep elf pyromancers
  10 deep elf zephyrmancers
  22 ugly things
  8 wolf spiders
  A tengu skeleton (Vaults:4)
  11 orc knights
  9 cyclopes
  10 orc sorcerers
  9 elephants (Lair:5)
  3 moths of wrath
  Joseph (D:7)
  A stone giant zombie (Vaults:4)
  24 manticores
  24 fauns
  An eleionoma skeleton (Crypt:2)
  6 merfolk sirens
  2 black mambas
  A black mamba (shapeshifter) (D:13)
  2 human skeletons (Vaults:4)
  7 water nymphs
  7 torpor snails
  2 gargoyles
  3 guardian serpents (Desolation)
  A smoke demon (Orc:2)
  25 vault sentinels
  3 demonic crawlers
  11 cane toads
  A centaur skeleton (Crypt:2)
  A red draconian zombie (Crypt:3)
  Psyche (D:11)
  A grey draconian zombie (Crypt:3)
  3 rime drakes
  16 komodo dragons
  An unseen horror (D:13)
  5 freezing wraiths
  4 human zombies (Vaults:4)
  3 kobold demonologists
  A catoblepas zombie (Crypt:2)
  39 yaktaurs
  A tengu conjurer (D:13)
  An alligator snapping turtle skeleton (Crypt:2)
  26 merfolk
  4 guardian mummies (Crypt:3)
  A red devil (Orc:2)
  A harpy zombie (Crypt:1)
  A white draconian skeleton (Crypt:3)
  A polar bear (D:11)
  7 trolls
  A death drake zombie (Crypt:2)
  12 hornets
  15 saltlings
  3 tyrant leeches (Lair:5)
  9 tarantellas
  3 wind drakes
  2 harpy skeletons (Crypt:1)
  5 blink frogs (Lair:1)
  22 slime creatures
  11 jumping spiders
  4 centaur simulacra (D:11)
  8 snapping turtles
  12 spriggans (Lair:3)
  6 flying skulls
  2 air elementals
  2 vampires
  7 culicivoras
  6 water elementals
  8 wraiths
  5 basilisks
  33 yaks
  A golden eye (shapeshifter) (Elf:1)
  4 fire elementals
  3 steam dragons
  5 wyverns
  A vampire mosquito (D:13)
  29 redbacks
  A wind drake skeleton (Crypt:3)
  Menkaure (D:7)
  2 wargs (Orc:2)
  3 acid dragons
  14 water moccasins
  An entropy weaver zombie (Crypt:3)
  6 ice beasts
  4 hell hounds (Orc:2)
  A naga skeleton (Crypt:3)
  2 swamp drakes (Lair:5)
  A sky beast (D:6)
  37 orc warriors
  2 black bears
  A merfolk simulacrum (Crypt:1)
  15 ogres
  An elephant zombie (Crypt:1)
  2 centaurs
  3 boggarts (Lair:3)
  12 wolves
  A lindwurm skeleton (Crypt:3)
  A phantom (D:7)
  Blork the orc (D:6)
  6 kobold brigands
  A draconian zombie (Crypt:2)
  3 necrophages (Crypt:1)
  4 gnoll sergeants
  3 earth elementals
  10 bullfrogs
  3 scorpions
  10 wights
  A wyvern skeleton (Crypt:3)
  21 killer bees
  A yak zombie (Crypt:2)
  A polar bear skeleton (Crypt:2)
  2 howler monkeys (D:10)
  An electric eel (D:11)
  2 quasits (D:8)
  2 gnoll boudas
  6 hounds
  A jelly (D:6)
  Crazy Yiuf (D:7)
  25 orc priests
  12 hell rats
  A sleepcap (D:5)
  7 iguanas
  13 orc wizards
  An acid dragon zombie (Crypt:1)
  2 ogre skeletons
  30 gnolls
  9 adders
  3 shadow imps (D:8)
  9 white imps
  4 ufetubi
  An iguana skeleton (Crypt:1)
  A worm (D:4)
  3 dart slugs
  80 orcs
  2 bat zombies
  4 endoplasms
  9 goblins
  7 hobgoblins
  A quokka (D:1)
  3 training dummies (Shoals:2)
  6 ball pythons
  4 bats
  4 frilled lizards
  A jackal zombie (Crypt:3)
  24 kobolds
  A rat (D:2)
  3 tentacles (Shoals:4)
1452 creatures vanquished.

Vanquished Creatures (others)
  A harpy (Shoals:4)
  A guardian serpent (Desolation)
  A chaos spawn (Orc:2)
  A water elemental (Elf:2)
  A tentacle (Shoals:4)
5 creatures vanquished.

Grand Total: 1457 creatures vanquished

Notes
Turn   | Place    | Note
-------+----------+-------------------------------------------
     0 | D:1      | Esekla the Deep Elf Wanderer began the quest for the Orb.
     0 | D:1      | Esekla set off with the following items: a +0 club, a
                  | potion of lignification, a +0 robe, a +0 buckler; and the
                  | following spells available to memorise: Apportation, Blink,
                  | Lesser Beckoning, Magic Dart, Ignite Poison, Vampiric
                  | Draining.
     0 | D:1      | Reached XP level 1. HP: 10/10 MP: 7/7
     2 | D:1      | Learned a level 1 spell: Magic Dart
     4 | D:1      | Learned a level 1 spell: Apportation
   253 | D:2      | Found Renulab's Jewellery Shop.
   449 | D:4      | Found a radiant altar of Vehumet.
   457 | D:4      | Found an iron altar of Okawaru.
   468 | D:4      | Found a glowing silver altar of Zin.
   549 | D:4      | Became a worshipper of Vehumet
   801 | D:3      | Reached XP level 2. HP: 15/15 MP: 4/9
   905 | D:3      | Reached skill level 5 in Spellcasting
   963 | D:3      | Identified the +5 rapier of the Hero {heavy, rN+ Dex+3}
  1104 | D:1      | Learned a level 2 spell: Blink
  1146 | D:1      | Reached XP level 3. HP: 18/19 MP: 11/11
  1151 | D:1      | Learned a level 3 spell: Ignite Poison
  1155 | D:1      | Learned a level 3 spell: Vampiric Draining
  1157 | D:1      | Reached * piety under Vehumet
  1157 | D:1      | Offered knowledge of Kiss of Death by Vehumet.
  1465 | D:2      | Reached skill level 1 in Short Blades
  1490 | D:2      | Noticed a black bear
  1568 | D:2      | Found a faded altar of an unknown god.
  1707 | D:2      | Reached skill level 1 in Dodging
  1707 | D:2      | Reached skill level 1 in Necromancy
  1707 | D:2      | Reached XP level 4. HP: 17/24 MP: 7/13
  1737 | D:2      | Killed a black bear
  1738 | D:2      | Reached skill level 6 in Spellcasting
  1738 | D:2      | Reached skill level 1 in Conjurations
  1738 | D:2      | Reached XP level 5. HP: 15/28 MP: 1/15
  2214 | D:3      | Found a stormy altar of Qazlal.
  2251 | D:3      | Found a hazy altar of Hepliaklqana.
  2261 | D:3      | Reached skill level 7 in Spellcasting
  2261 | D:3      | Found a bloodstained altar of Trog.
  2639 | D:5      | Entered Level 5 of the Dungeon
  2642 | D:5      | Got the Parchment of the Lumpy Olives
  2671 | D:5      | Found a shadowy altar of Dithmenos.
  2717 | D:5      | Reached XP level 6. HP: 31/32 MP: 15/18
  2907 | D:5      | Offered knowledge of Shock by Vehumet.
  3312 | D:4      | Found Ponaysk's Antique Weapon Boutique.
  3457 | D:4      | Found a glowing golden altar of the Shining One.
  3523 | D:4      | Reached skill level 8 in Spellcasting
  3558 | D:4      | Reached XP level 7. HP: 28/36 MP: 8/20
  3620 | D:4      | Reached ** piety under Vehumet
  4321 | D:6      | Noticed Blork the orc
  4330 | D:6      | Killed Blork the orc
  4331 | D:6      | Reached skill level 9 in Spellcasting
  4378 | D:6      | Reached XP level 8. HP: 23/41 MP: 13/23
  4628 | D:7      | Found a runed translucent door.
  4629 | D:7      | Noticed Crazy Yiuf
  4635 | D:7      | Killed Crazy Yiuf
  4681 | D:7      | Reached skill level 5 in Necromancy
  4713 | D:7      | Offered knowledge of Hailstorm by Vehumet.
  4754 | D:7      | Noticed Menkaure
  4759 | D:7      | Killed Menkaure
  4760 | D:7      | Reached skill level 10 in Spellcasting
  5110 | D:7      | Reached skill level 1 in Fire Magic
  5368 | D:7      | Reached skill level 11 in Spellcasting
  5414 | D:7      | Noticed Joseph
  5526 | D:6      | Found a staircase to the Ecumenical Temple.
  5570 | D:6      | Reached XP level 9. HP: 22/45 MP: 19/26
  5676 | D:6      | Reached *** piety under Vehumet
  5777 | D:6      | Noticed Pikel
  6251 | D:6      | Reached skill level 5 in Dodging
  6275 | D:6      | Killed Pikel
  6305 | D:6      | Reached skill level 12 in Spellcasting
  6339 | D:6      | Found a blossoming altar of Fedhas.
  6644 | D:8      | Offered knowledge of Fulminant Prism by Vehumet.
  6653 | D:8      | Noticed a two-headed ogre
  6681 | D:7      | Killed Joseph
  6844 | D:8      | Killed a two-headed ogre
  6845 | D:8      | Reached skill level 1 in Throwing
  6845 | D:8      | Reached skill level 13 in Spellcasting
  6845 | D:8      | Reached XP level 10. HP: 46/50 MP: 29/29
  6979 | D:8      | Reached **** piety under Vehumet
  7072 | D:8      | Found a transporter.
  7073 | D:8      | Found a transporter.
  7087 | D:8      | Found a transporter.
  7087 | D:8      | Found a transporter.
  7224 | D:8      | Found a hide-covered altar of Uskayaw.
  7399 | D:8      | Offered knowledge of Arcjolt by Vehumet.
  7670 | D:9      | Learned a level 5 spell: Arcjolt
  7673 | D:9      | Found a flagged portal.
  7717 | Bailey   | Entered a bailey
  7853 | Bailey   | Identified the +2 bardiche of Puhoisos {heavy, rElec
                  | Stlth+}
  7855 | Bailey   | Noticed an orc knight
  7855 | Bailey   | Noticed an orc knight
  7909 | Bailey   | Killed an orc knight
  7923 | Bailey   | Killed an orc knight
  7924 | Bailey   | Reached skill level 1 in Air Magic
  7924 | Bailey   | Reached skill level 1 in Evocations
  8338 | D:9      | Reached skill level 14 in Spellcasting
  8400 | D:9      | Noticed Harold
  8454 | D:9      | Found a sparkling altar of Nemelex Xobeh.
  8540 | D:9      | Noticed a two-headed ogre
  8546 | D:9      | Killed a two-headed ogre
  8734 | D:9      | Noticed a cyclops
  8755 | D:9      | Killed a cyclops
  8756 | D:9      | Reached XP level 11. HP: 54/60 MP: 31/31
  8807 | D:9      | Reached ***** piety under Vehumet
  8862 | D:9      | Offered knowledge of Iskenderun's Mystic Blast by Vehumet.
  8994 | D:9      | Learned a level 4 spell: Iskenderun's Mystic Blast
  9069 | D:10     | Entered Level 10 of the Dungeon
  9101 | D:10     | Found a staircase to the Orcish Mines.
  9282 | D:10     | Reached skill level 5 in Short Blades
  9418 | D:10     | Found a sacrificial altar of Ru.
 10513 | D:10     | Reached skill level 15 in Spellcasting
 10542 | D:11     | Reached skill level 1 in Transmutations
 10686 | D:11     | Reached skill level 10 in Necromancy
 10899 | D:11     | Got Simple Magic
 10991 | D:11     | Noticed Lodul
 11257 | D:12     | Learned a level 2 spell: Wereblood
 11378 | D:12     | Found a portal to a secret trove of treasure.
 11445 | D:12     | Learned a level 5 spell: Freezing Cloud
 11449 | D:12     | Learned a level 3 spell: Mephitic Cloud
 11452 | D:12     | Learned a level 2 spell: Poisonous Vapours
 11597 | D:12     | Noticed a red ugly thing
 11839 | D:10     | Learned a level 5 spell: Fireball
 12028 | D:11     | Found a staircase to the Lair.
 12114 | D:11     | Killed Lodul
 12115 | D:11     | Reached skill level 1 in Armour
 12115 | D:11     | Reached skill level 1 in Ice Magic
 12115 | D:11     | Reached skill level 1 in Poison Magic
 12115 | D:11     | Reached XP level 12. HP: 67/67 MP: 33/33
 12554 | D:2      | Bought the ring of the Mage {Wiz Archmagi} for 714 gold
                  | pieces
 12554 | D:2      | Found the ring of the Mage {Wiz Archmagi}
 12744 | Orc:1    | Entered Level 1 of the Orcish Mines
 12823 | Orc:1    | Reached skill level 5 in Conjurations
 12907 | Orc:2    | Entered Level 2 of the Orcish Mines
 12999 | Orc:2    | Reached skill level 16 in Spellcasting
 13094 | Orc:2    | Reached skill level 5 in Fighting
 13260 | Orc:2    | Noticed an orc warlord
 13272 | Orc:2    | Killed an orc warlord
 13280 | Orc:2    | Found a staircase to the Elven Halls.
 13535 | D:11     | Found Fagafuf's Pet Rocks.
 13605 | D:11     | Noticed Psyche
 13607 | D:11     | Noticed a two-headed ogre
 13617 | D:11     | Killed a two-headed ogre
 13622 | D:11     | Killed Psyche
 13622 | D:11     | Offered knowledge of Sticky Flame by Vehumet.
 13651 | D:11     | Learned a level 4 spell: Sticky Flame
 14117 | Lair:1   | Entered Level 1 of the Lair of Beasts
 15186 | Lair:2   | Reached XP level 13. HP: 74/74 MP: 35/35
 15259 | Lair:2   | Reached skill level 5 in Air Magic
 15514 | Lair:2   | Found a staircase to the Shoals.
 15540 | Lair:2   | Found a transporter.
 15540 | Lair:2   | Found a transporter.
 15552 | Lair:2   | Reached skill level 17 in Spellcasting
 16130 | Lair:3   | Identified the +3 leather armour of Okawaru's Inspiration
                  | {Str+4}
 16159 | Lair:3   | Found a hole to the Spider Nest.
 16600 | D:2      | Bought the ring of Greed {rElec rPois rN+ AC+4 Str-2} for
                  | 758 gold pieces
 16873 | Lair:3   | Offered knowledge of Iron Shot by Vehumet.
 16874 | Lair:3   | Reached skill level 5 in Poison Magic
 17848 | Lair:4   | Reached skill level 18 in Spellcasting
 17922 | Lair:4   | Noticed Rupert
 17931 | Lair:4   | Killed Rupert
 18210 | Lair:5   | Entered Level 5 of the Lair of Beasts
 18327 | Lair:5   | Reached XP level 14. HP: 80/82 MP: 25/38
 18588 | Lair:5   | Found a viscous altar of Jiyva.
 18588 | Lair:5   | Found a staircase to the Slime Pits.
 18631 | Lair:5   | Found a runed translucent door.
 18725 | Lair:5   | Offered knowledge of Spellforged Servitor by Vehumet.
 19269 | Lair:5   | Got Utragud's Papyrus of the Inquisitive Olives
 19676 | Orc:2    | Found Roezostra's General Store.
 19763 | Orc:2    | Found Bamnuus's General Store.
 19778 | Orc:2    | Noticed Azrael
 19784 | Orc:2    | Killed Azrael
 19785 | Orc:2    | Reached skill level 19 in Spellcasting
 20041 | Orc:2    | Reached skill level 5 in Fire Magic
 20047 | Orc:2    | Offered knowledge of Conjure Ball Lightning by Vehumet.
 20129 | Orc:2    | Found Jyohez's Book Shop.
 20129 | Orc:2    | Found Huzal's Antique Armour Boutique.
 20130 | Orc:2    | Found a one-way gate leading to the halls of Pandemonium.
 20132 | Orc:2    | Bought a Young Poisoner's Handbook for 300 gold pieces
 20137 | Orc:2    | Learned a level 4 spell: Olgreb's Toxic Radiance
 20139 | Orc:2    | Bought a runed helmet for 270 gold pieces
 20353 | Spider:1 | Entered Level 1 of the Spider Nest
 20380 | Spider:1 | Identified the +1 pair of boots of Piysunuo {Str+3}
 20454 | Spider:1 | Reached skill level 10 in Dodging
 20458 | Spider:1 | Reached ****** piety under Vehumet
 20466 | Spider:1 | Paralysed by a jorogumo for 1 turns
 20470 | Spider:1 | Reached XP level 15. HP: 80/88 MP: 36/40
 20875 | Spider:1 | Reached skill level 5 in Armour
 20877 | Spider:1 | Reached skill level 1 in Earth Magic
 21627 | Elf:1    | Entered Level 1 of the Elven Halls
 21639 | Elf:1    | Reached skill level 20 in Spellcasting
 21640 | Elf:1    | Offered knowledge of Yara's Violent Unravelling by Vehumet.
 21713 | Elf:1    | Paralysed by an air elemental for 1 turns
 21716 | Elf:1    | Paralysed by an air elemental for 1 turns
 21758 | Elf:1    | Reached skill level 5 in Translocations
 21844 | Elf:1    | Noticed a deep elf sorcerer
 21847 | Elf:1    | Killed a deep elf sorcerer
 22192 | Elf:1    | Learned a level 3 spell: Frozen Ramparts
 22628 | D:2      | Bought a ring of see invisible for 210 gold pieces
 23147 | Spider:3 | Noticed an emperor scorpion
 23161 | Spider:3 | Killed an emperor scorpion
 23434 | Spider:3 | Noticed an emperor scorpion
 23444 | Spider:3 | Killed an emperor scorpion
 23549 | Spider:3 | Reached XP level 16. HP: 96/96 MP: 5/42
 24069 | Spider:3 | Learned a level 8 spell: Maxwell's Capacitive Coupling
 24084 | Spider:4 | Entered Level 4 of the Spider Nest
 24084 | Spider:4 | Noticed Mara
 24103 | Spider:4 | Killed Mara
 24246 | Spider:4 | Reached skill level 21 in Spellcasting
 24320 | Spider:4 | Offered knowledge of Eringya's Noxious Bog by Vehumet.
 24883 | Spider:4 | Reached skill level 5 in Earth Magic
 25046 | Spider:4 | Reached skill level 10 in Fighting
 25251 | Spider:4 | Got a gossamer rune of Zot
 25424 | Shoals:1 | Entered Level 1 of the Shoals
 25956 | Shoals:1 | Reached skill level 5 in Transmutations
 26253 | Shoals:2 | You fall into a shaft and drop 1 floor!
 26426 | Shoals:2 | Offered knowledge of Fire Storm by Vehumet.
 26426 | Shoals:2 | Offered knowledge of Chain Lightning by Vehumet.
 26426 | Shoals:2 | Offered knowledge of Polar Vortex by Vehumet.
 26427 | Shoals:2 | Reached skill level 22 in Spellcasting
 26438 | Shoals:2 | Reached XP level 17. HP: 103/103 MP: 31/45
 26557 | Shoals:2 | Reached skill level 5 in Ice Magic
 26561 | Shoals:2 | HP: 5/104 [something/blast of flame (34)]
 27324 | Shoals:2 | Found Biskeott's Firing Range.
 27720 | Shoals:3 | Found Zemonaik's Distillery.
 27734 | Shoals:3 | Bought a potion of heal wounds for 75 gold pieces
 27734 | Shoals:3 | Bought a potion of heal wounds for 75 gold pieces
 27734 | Shoals:3 | Bought 2 potions of heal wounds for 150 gold pieces
 27850 | Shoals:3 | Noticed Ilsuiw
 27859 | Shoals:3 | Killed Ilsuiw
 28272 | Shoals:2 | Identified the +1 animal skin "Kougi" {rPois rF++ MP+9}
 28303 | Shoals:4 | Entered Level 4 of the Shoals
 28431 | Shoals:4 | Identified the +1 ring mail "Uronn" {rF+ Regen+ Int+3}
 28509 | Shoals:4 | Reached skill level 23 in Spellcasting
 28874 | Shoals:4 | Got Cuuv Rytt's Atlas of Hot Beguiling
 28874 | Shoals:4 | Got a barnacled rune of Zot
 29076 | Shoals:4 | Identified the ring "Pileq" {Ice Str+4 Dex+3 Slay+2}
 29141 | Shoals:4 | Noticed a kraken
 29145 | Shoals:4 | Killed a kraken
 29185 | Shoals:4 | Reached skill level 1 in Long Blades
 29195 | Shoals:4 | Reached skill level 10 in Poison Magic
 29211 | Shoals:4 | Reached XP level 18. HP: 101/111 MP: 47/47
 29914 | D:13     | Found a gate to the Vaults.
 30629 | Vaults:1 | Entered Level 1 of the Vaults
 30635 | Vaults:1 | Reached skill level 24 in Spellcasting
 30731 | Vaults:1 | Identified the +9 arbalest of Xom's Indignation {penet,
                  | Dex+4 Stlth+}
 31198 | Vaults:1 | Found Emogyl Osee's Armour Boutique.
 31940 | Vaults:2 | Learned a level 4 spell: Dispel Undead
 32052 | Vaults:2 | Found a staircase to the Crypt.
 32068 | Vaults:2 | Found a flickering gateway to a bazaar.
 32094 | Bazaar   | Entered a bazaar
 32111 | Bazaar   | Found Huts's Armour Emporium.
 32111 | Bazaar   | Found Fuoqy's Distillery.
 32116 | Bazaar   | Bought a +1 cloak of stealth for 181 gold pieces
 32132 | Bazaar   | Bought a potion of curing for 21 gold pieces
 32132 | Bazaar   | Bought a potion of mutation for 56 gold pieces
 32143 | Bazaar   | Found Luehida's Magic Scroll Shoppe.
 32147 | Bazaar   | Bought a scroll of blinking for 82 gold pieces
 32158 | Bazaar   | Found Subykus's Antique Weapon Emporium.
 32158 | Bazaar   | Found Zefiutze's Weapon Shoppe.
 32162 | Bazaar   | Bought a glowing long sword for 175 gold pieces
 32168 | Bazaar   | Bought the +8 Vampire's Tooth {megavamp} for 540 gold
                  | pieces
 32168 | Bazaar   | Found the +8 Vampire's Tooth {megavamp}
 32179 | Bazaar   | Found Gopir's Armour Shoppe.
 32183 | Bazaar   | Bought the +0 mask of the Dragon {Will+ Slay+3 SInv} for
                  | 367 gold pieces
 32183 | Bazaar   | Found the +0 mask of the Dragon {Will+ Slay+3 SInv}
 32495 | Vaults:2 | Reached skill level 10 in Air Magic
 32794 | Vaults:2 | Paralysed by a great orb of eyes for 3 turns
 32840 | Vaults:2 | Reached skill level 25 in Spellcasting
 33085 | Vaults:2 | Reached XP level 19. HP: 41/116 MP: 50/50
 34118 | Crypt:1  | Entered Level 1 of the Crypt
 34269 | Crypt:1  | Paralysed by a vampire knight for 3 turns
 34574 | Crypt:1  | Paralysed by a vampire knight for 3 turns
 34866 | Crypt:1  | Reached skill level 26 in Spellcasting
 35092 | Crypt:1  | You fall into a shaft and drop 1 floor!
 35986 | Crypt:2  | Found a runed translucent gate.
 35987 | Crypt:2  | Found a runed translucent gate.
 35987 | Crypt:2  | Found a runed translucent gate.
 35988 | Crypt:2  | Noticed Wesoq's ghost (veteran MiGl)
 35989 | Crypt:2  | Noticed Ulecsuczon's ghost (veteran MiGl)
 35989 | Crypt:2  | Noticed Hynnuzim's ghost (veteran CeHu)
 36104 | Crypt:3  | Entered Level 3 of the Crypt
 36783 | Crypt:3  | Noticed a curse toe
 36789 | Crypt:3  | Noticed a bone dragon
 37061 | Crypt:3  | Reached XP level 20. HP: 97/124 MP: 44/52
 37176 | Crypt:3  | Found a staircase to the Tomb.
 37242 | Crypt:3  | Identified the +5 mace of Fedhas's Displeasure {flame,
                  | rElec rC+ Int+3}
 37340 | Crypt:3  | Killed a bone dragon
 37392 | Crypt:3  | Killed a curse toe
 37474 | Crypt:3  | Noticed a dread lich
 37474 | Crypt:3  | Noticed an ancient lich
 37513 | Crypt:3  | Learned a level 4 spell: Airstrike
 37607 | Crypt:3  | Killed a dread lich
 37613 | Crypt:3  | Killed an ancient lich
 37632 | Crypt:3  | Got the Handbook of Vapourous Creation
 37657 | Crypt:3  | Reached skill level 27 in Spellcasting
 38436 | Vaults:3 | Noticed Mennas
 38470 | Vaults:3 | Killed Mennas
 38835 | Vaults:3 | You fall into a shaft and drop 1 floor!
 38900 | Vaults:4 | Reached skill level 15 in Dodging
 40007 | Vaults:4 | Reached XP level 21. HP: 84/130 MP: 47/54
 40171 | Vaults:4 | Found Gint's Magic Scroll Shop.
 40568 | Vaults:4 | Found a huge runed gate.
 40568 | Vaults:4 | Found a huge runed gate.
 40568 | Vaults:4 | Found a huge runed gate.
 40568 | Vaults:4 | Found a huge runed gate.
 40568 | Vaults:4 | Found a huge runed gate.
 40569 | Vaults:4 | Found a huge runed gate.
 40569 | Vaults:4 | Found a huge runed gate.
 40569 | Vaults:4 | Found a huge runed gate.
 40569 | Vaults:4 | Found a huge runed gate.
 40571 | Vaults:4 | Found a huge runed gate.
 40571 | Vaults:4 | Found a huge runed gate.
 40571 | Vaults:4 | Found a huge runed gate.
 40571 | Vaults:4 | Found a huge runed gate.
 40571 | Vaults:4 | Found a huge runed gate.
 40571 | Vaults:4 | Found a huge runed gate.
 40572 | Vaults:4 | Found a huge runed gate.
 40681 | Vaults:4 | Found a huge runed gate.
 40681 | Vaults:4 | Found a huge runed gate.
 40684 | Vaults:4 | Found a huge runed gate.
 40684 | Vaults:4 | Found a huge runed gate.
 40684 | Vaults:4 | Found a huge runed gate.
 40684 | Vaults:4 | Found a huge runed gate.
 40684 | Vaults:4 | Found a huge runed gate.
 40684 | Vaults:4 | Found a huge runed gate.
 40685 | Vaults:4 | Found a huge runed gate.
 40686 | Vaults:4 | Found a huge runed gate.
 40687 | Vaults:4 | Found a huge runed gate.
 40698 | Vaults:4 | Found a huge runed gate.
 40698 | Vaults:4 | Found a huge runed gate.
 40698 | Vaults:4 | Found a huge runed gate.
 40698 | Vaults:4 | Found a huge runed gate.
 40698 | Vaults:4 | Found a huge runed gate.
 40700 | Vaults:4 | Found a huge runed gate.
 40701 | Vaults:4 | Found a huge runed gate.
 40702 | Vaults:4 | Found a huge runed gate.
 40703 | Vaults:4 | Found a huge runed gate.
 40881 | Trove    | Entered a treasure trove
 40890 | Trove    | Identified the ring of Akemeir {Fire Str+4}
 40894 | Trove    | Identified the scarf of Qaoh {repulsion, rN+ Dex-2 SInv}
 40909 | Trove    | Identified the +3 ring mail "Poady" {+Inv rF+ Dex+2 Slay-4}
 40919 | Trove    | Acquired 1002 gold pieces
 40921 | Trove    | Acquired the Directory of Sandy Striking
 40923 | Trove    | Acquired 926 gold pieces
 40957 | D:12     | Learned a level 5 spell: Irradiate
 40963 | D:12     | Learned a level 5 spell: Lee's Rapid Deconstruction
 41290 | Elf:2    | Found Wilec's Magic Scroll Emporium.
 41296 | Elf:2    | Found Zegenum's Book Shoppe.
 41297 | Elf:2    | Found Orpholik's Magic Scroll Emporium.
 41306 | Elf:2    | Bought Ozocubu's Autobiography for 480 gold pieces
 41310 | Elf:2    | Learned a level 3 spell: Ozocubu's Armour
 41346 | Elf:2    | Found a crumbling gateway.
 41374 | Desolati | Entered the Desolation of Salt
 41421 | Desolati | HP: 4/131 [peacekeeper (4)]
 41432 | Desolati | Killed from afar by a halazid warlock

Illustrated notes

Levels and vault maps discovered:
D:1:      sevenhm_arrival_forest_fort_small_3, layout_rooms,
          chequers_serial_rivers_room_b, minmay_misc_feat_five
D:2:      layout_loops_ring, dreamdust_ecumenical_altar_angels_and_demons,
          serial_shops, shop
D:3:      layout_basic, grunt_temple_overflow_open, minmay_misc_feat_iff
D:4:      layout_basic, nicolae_overflow_quartered_altars, serial_shops,
          nicolae_diamond_shop
D:5:      layout_loops_ring, lemuel_doored_altar, minmay_misc_feat_rows,
          dreamdust_wishing_well
D:6:      layout_loops_cross, fedhas_altar_fruit_tree,
          minmay_temple_entry_glass, uniq_pikel, uniq_blork_the_orc
D:7:      layout_basic, uniq_menkaure, uniq_joseph, uniq_crazy_yiuf_cottage
D:8:      layout_basic, nicolae_uskayaw_dance_hall, serial_demonic,
          serial_demonic_d, serial_demonic_a, serial_demonic_c,
          serial_demonic_c, nicolae_diode_quadrants
D:9:      layout_irregular_city, kennysheep_little_box, enter_bailey_4,
          minmay_between, uniq_harold
D:10:     layout_basic, nicolae_ru_awakened_eye
D:11:     layout_rooms, hellmonk_lair_entry_icy, serial_ice, serial_ice_j,
          serial_ice_m, serial_ice_o, serial_ice_c, serial_ice_g, serial_ice_f,
          guppyfry_shop_earth, uniq_psyche, uniq_lodul
D:12:     layout_roguey, nicolae_trove_entry_crossroad
D:13:     layout_loops_ring, lightli_vaults_fourway_checkpoint
Lair:1:   layout_small_grid
Lair:2:   gammafunk_boulding_lane, layout_small_grid, elwin_shoals_entry_rooms
Lair:3:   kb_forest_paths, layout_chaotic_city, spider_nest_entry_rubble
Lair:4:   layout_hall_layers, grunt_megastairs_3, lemuel_fruit_fields,
          uniq_rupert
Lair:5:   guppyfry_lair_end_dragon, layout_misc_corridors, wormcave,
          dpeg_slime_entry_enclosed
Shoals:1: layout_shoals, nicolae_shoals_nautilus_by_nature
Shoals:2: argonaut_golden_fleece, layout_shoals, nicolae_shop_firing_range
Shoals:3: layout_shoals, serial_shops, shop, nicolae_shoals_lost_giant_hut,
          uniq_ilsuiw
Shoals:4: shoals_end_hellmonk_lost_city, serial_shops
Spider:1: layout_spider_delve, nicolae_spider_some_kinda_spiderbox
Spider:2: layout_spider_delve, nicolae_spider_twisty_arc_passages
Spider:3: layout_chambers, nicolae_orb_stairs
Spider:4: grunt_spider_rune_circles, guppyfry_hornet_nest, uniq_mara
Orc:1:    layout_caves
Orc:2:    pf_orc_diabolical, layout_diamond_mine, uniq_azrael
Elf:1:    minmay_elf_arrival_plus, layout_loops_cross,
          kennysheep_underground_church
Elf:2:    nicolae_elf_blades_crystal_corner, layout_rooms,
          portal_desolation_entry_salt, minivault_25_ag, minmay_shop_star
Vaults:1: vaults_dpeg_emergency_exit, nicolae_vaults_ellipses_ellipsis,
          nicolae_vaults_variable_pillar_hall, v_misc_22, v_misc_33,
          nicolae_vaults_closet_pinwheel_3, v_alt_pattern_4, v_alt_pattern_4,
          nicolae_vaults_tetromino_Z_2, nicolae_vaults_taking_the_gang_shopping,
          nicolae_vaults_spaceships, v_misc_33, nicolae_vaults_shelves_hall,
          nicolae_vaults_trapezoid_lopsided_1, nicolae_vaults_little_ls,
          layout_vaults_ring
Vaults:2: ontoclasm_vaults_bender, nicolae_vaults_storage_closets_1, v_misc_9,
          vaults_room_pools, nicolae_vaults_more_shelving_2, v_misc_14,
          vaults_standard_mumra_lines, hangedman_vaults_stream,
          nicolae_vaults_windows_and_doors_thing,
          minmay_crypt_entry_simple_corners, nicolae_vaults_stand_back,
          vaults_dpeg_diagonal, nicolae_vaults_little_squares_5,
          layout_vaults_omnibox, serial_shops, bzr_entry_gold
Vaults:3: nicolae_vaults_three_branches, v_misc_15, vaults_standard_mumra_x,
          v_misc_13, ontoclasm_vaults_loading_screen, nicolae_vaults_tangram_1,
          nicolae_vaults_display_case, vaults_room_ringed_pool,
          nicolae_vaults_octothorpe, vaults_mumra_minichess,
          nicolae_vaults_variable_pillar_hall, v_alt_pattern_6,
          nicolae_vaults_tetromino_L_1, nicolae_vaults_trapezoid_3,
          layout_vaults_big_room, uniq_mennas
Vaults:4: nicolae_vaults_network_periphery, nicolae_vaults_angled_halls,
          ontoclasm_vaults_twist, door_vault, nicolae_vaults_more_shelving_1,
          nicolae_vaults_yaktaur_gun_rack, hangedman_vaults_slither, v_rooms_1,
          ontoclasm_vaults_claustrophobia, nicolae_vaults_trapezoid_lopsided_1,
          grunt_vaults_focal, hangedman_vaults_slice, layout_vaults_omnicross,
          serial_shops, shop
Crypt:1:  layout_rooms, grunt_ministairs_11, st_small_mortuary
Crypt:2:  layout_chaotic_city, gammafunk_ghost_cemetery
Crypt:3:  david_glass_crypt, layout_misc_corridors, tomb_entry_simple_bobbens,
          glass_columns_a
Desolation

Skill      XL: |  1  2  3  4  5  6  7  8  9 10 11 12 13 14 15 16 17 18 19 20 21 |
---------------+----------------------------------------------------------------+-----
Spellcasting   | 5 6 7 8 9 11 13 14 15 16 18 19 20 22 23 25 26 27 | 27.0
Short Blades   | 1 2 3 4 5 |  5.5
Dodging        | 1 2 3 4 6 7 8 10 11 12 13 14 15 | 15.7
Necromancy     | 1 2 3 4 6 8 9 10 11 12 13 | 13.9
Conjurations   | 1 4 5 6 7 8 9 |  9.0
Translocations | 3 4 5 6 |  6.4
Stealth        | 2 3 4 |  4.6
Fire Magic     | 2 3 4 5 6 7 8 |  8.9
Throwing       | 1 2 3 |  3.2
Shields        | 2 3 |  3.1
Air Magic      | 2 3 4 5 6 7 8 9 10 11 12 | 12.8
Evocations     | 1 |  1.6
Fighting       | 3 4 5 7 8 9 10 11 12 13 | 13.6
Transmutations | 1 3 4 5 6 7 8 |  8.3
Armour         | 1 2 3 4 5 6 7 |  7.4
Ice Magic      | 1 3 4 5 6 |  6.3
Poison Magic   | 1 4 6 8 9 10 | 10.4
Earth Magic    | 4 5 6 |  6.8
Long Blades    | 1 3 4 |  4.7
Invocations    | |  1.0

Action                     |  1- 3 |  4- 6 |  7- 9 | 10-12 | 13-15 | 16-18 | 19-21 || total
---------------------------+-------+-------+-------+-------+-------+-------+-------++-------
  Melee: Short sword       |    13 |       |       |       |       |       |       ||    13
         Rapier            |    37 |    35 |   102 |   223 |    80 |     1 |       ||   478
         Dagger            |       |    37 |   117 |   124 |       |       |       ||   278
         Scimitar          |       |       |       |       |     3 |   115 |       ||   118
         Long sword        |       |       |       |       |       |     8 |   229 ||   237
         Quick blade       |       |       |       |       |       |     2 |    17 ||    19
  Throw: Dart              |     2 |    11 |    25 |    70 |       |       |       ||   108
         Boomerang         |       |       |       |       |    19 |    43 |    15 ||    77
   Cast: Apportation       |    26 |    20 |    19 |    67 |    48 |    64 |    29 ||   273
         Magic Dart        |    38 |    20 |    49 |   110 |    31 |       |       ||   248
         Vampiric Draining |     3 |    23 |    63 |   129 |    23 |    69 |    25 ||   335
         Blink             |     2 |     2 |     8 |    19 |     8 |     6 |    11 ||    56
         Ignite Poison     |       |       |     3 |    55 |   157 |   174 |    93 ||   482
         Arcjolt           |       |       |       |     5 |       |       |       ||     5
         Iskenderun's Myst |       |       |       |    29 |    21 |    28 |    39 ||   117
         Mephitic Cloud    |       |       |       |     7 |    29 |    15 |    26 ||    77
         Fireball          |       |       |       |     5 |    17 |    29 |   104 ||   155
         Poisonous Vapours |       |       |       |    89 |   245 |   208 |    82 ||   624
         Sticky Flame      |       |       |       |     7 |    36 |    53 |    84 ||   180
         Freezing Cloud    |       |       |       |     6 |    33 |    24 |     6 ||    69
         Wereblood         |       |       |       |     5 |    14 |    26 |    35 ||    80
         Olgreb's Toxic Ra |       |       |       |       |    17 |    60 |    34 ||   111
         Frozen Ramparts   |       |       |       |       |     4 |    51 |    16 ||    71
         Maxwell's Capacit |       |       |       |       |       |     1 |     2 ||     3
         Dispel Undead     |       |       |       |       |       |     7 |   101 ||   108
         Lee's Rapid Decon |       |       |       |       |       |       |     9 ||     9
         Irradiate         |       |       |       |       |       |       |     6 ||     6
         Ozocubu's Armour  |       |       |       |       |       |       |     3 ||     3
         Airstrike         |       |       |       |       |       |       |     1 ||     1
  Evoke: Wand              |     1 |       |    16 |    21 |     3 |     3 |     2 ||    46
    Use: Scroll            |     1 |       |       |    15 |     8 |    13 |    17 ||    54
         Potion            |       |       |     4 |     4 |     3 |    10 |    12 ||    33
   Stab: Sleeping          |     1 |     4 |     3 |     6 |     2 |     2 |    11 ||    29
         Confused          |       |       |       |     1 |     3 |     2 |       ||     6
 Armour: Robe              |    26 |    16 |    50 |       |       |       |       ||    92
         Steam dragon scal |       |       |       |   132 |       |       |       ||   132
         Troll leather arm |       |       |       |    16 |   102 |   146 |       ||   264
         Ring mail         |       |       |       |       |       |   175 |   276 ||   451
  Dodge: Dodged            |    43 |    40 |   175 |   413 |   168 |   337 |   286 ||  1462
  Block: Buckler           |    11 |    15 |    37 |   105 |    45 |   181 |    87 ||   481
         Reflection        |       |       |       |       |       |    16 |       ||    16
